 Dungeon Crawl Stone Soup version 0.28-a0-167-g7eff39e849 (webtiles) character file.

Game seed: 16014495156756764080

63 Nattfarinn the Magician (level 4, 0/31 HPs)
             Began as a Djinni Venom Mage on Aug 16, 2021.
             Slain by a necrophage (6 damage)
             ... on level 3 of the Dungeon.
             The game lasted 00:01:47 (2474 turns).

Nattfarinn the Magician (Djinni Venom Mage)         Turns: 2474, Time: 00:01:47

Health: 0/31       AC:  3    Str:  7    XL:     4   Next: 30%
Gold:   101        EV: 12    Int: 17    God:
                   SH:  0    Dex: 14

rFire   + + .      SeeInvis .   (no weapon)
rCold   x . .      Faith    .   (no shield)
rNeg    . . .      Spirit   .   a - +1 robe
rPois   ∞          Reflect  .   (no helmet)
rElec   .          Harm     .   (no cloak)
rCorr   .          Rampage  .   (no gloves)
Will    .....                   (boots unavailable)
Stlth   ++........              (no amulet)
HPRegen 0.10/turn               (no ring)
MPRegen 0.00/turn               (no ring)

@: about to teleport, flying
A: sickness immunity, fire resistance 2, cold vulnerability 1, float, innate
caster, hp casting, extra vitality 1
a: no special abilities


You were on level 3 of the Dungeon.
You visited 1 branch of the dungeon, and saw 3 of its levels.

You collected 101 gold pieces.

Inventory:

Armour
 a - a +1 robe (worn)
Scrolls
 d - a scroll of fog
Potions
 b - a potion of lignification {unknown}
 e - a potion of ambrosia {unknown}
 f - a potion of brilliance {unknown}
 g - a potion of degeneration {unknown}


   Skills:
 - Level 2.1 Dodging
 - Level 1.5 Stealth
 + Level 3.8 Spellcasting


You couldn't memorise any spells.
You knew the following spells:

 Your Spells              Type           Power      Damage    Failure   Level
a - Sting                 Tmut/Pois      64%        1d6       3%          1
b - Poisonous Vapours     Pois/Air       32%        N/A       4%          2
c - Mephitic Cloud        Conj/Pois/Air  16%        N/A       10%         3
d - Olgreb's Toxic Radia  Pois           16%        N/A       32%         4
e - Animate Skeleton      Necr           32%        N/A       3%          1
Your spell library was empty.

Dungeon Overview and Level Annotations

Branches:
Dungeon (3/15)

Altars:


Innate Abilities, Weirdness & Mutations

You are immune to sickness and miasma.
You are immune to poison.
Your flesh is very heat resistant. (rF++)
You are vulnerable to cold. (rC-)
You float through the air rather than walking.
You learn spells naturally, not from books.
Your magical power is your life essence.
You have superior vitality. (+4 HP)


Message History

A necrophage is nearby!
A necrophage is nearby!
A necrophage is nearby!
A necrophage is nearby!
The sting hits the necrophage.
The necrophage is lightly damaged.
The sting hits the necrophage but does no damage.
The necrophage is lightly damaged.
The sting hits the necrophage.
The necrophage partially resists.
The necrophage is lightly damaged.
The sting hits the necrophage.
The necrophage is lightly damaged.
The necrophage hits you.
The sting hits the necrophage.
The necrophage partially resists.
The necrophage is lightly damaged.
The necrophage hits you.
The sting hits the necrophage.
The necrophage partially resists.
The necrophage is lightly damaged.
The necrophage hits you!
You are too injured to fight recklessly!
You are too injured to fight recklessly!
You are too injured to fight recklessly!
You are too injured to fight recklessly!
Unknown command.
As you read the scroll labelled REJO ARRAMOI, it crumbles to dust.
It is a scroll of enchant armour.
Your +0 robe glows green for a moment.
The necrophage hits you but does no damage.
As you read the scroll labelled SICERUOTIO, it crumbles to dust.
It is a scroll of identify.
d - a scroll of fog The necrophage hits you.
As you read the scroll labelled ZOTUSK IJENG, it crumbles to dust.
The creatures around you are filled with an inner flame!
It was a scroll of immolation.
The necrophage hits you.
* * * LOW HITPOINT WARNING * * *
As you read the scroll labelled HAHAIF UDWERCH, it crumbles to dust.
You feel strangely unstable.
It was a scroll of teleportation.
The necrophage hits you.
You die...

#..... #...##
#..... #.####....#
#..(.†....#
#####...... ####..#
♣♣♣♣♣♣♣♣♣♣♣ ##.#
♣♣...n@.♣♣.♣♣ #.#
♣...♣♣♣...♣.♣♣♣♣♣♣♣
#.# ♣♣♣...♣
♣♣♣♣♣♣......♣♣#.#
♣....♣♣
♣♣♣♣♣♣♣.♣#.#
♣♣♣♣..♣♣ ♣♣...#
♣♣..♣ ♣♣#.# ♣♣♣..♣♣
#.# ♣♣♣♣....♣ #.#
♣♣♣.....♣♣♣ #.#


You could see a necrophage (inner flame).

Vanquished Creatures
  2 adders (D:2)
  A dart slug (D:3)
  6 bats
  6 endoplasms
  A giant cockroach (D:1)
  A goblin (D:2)
  A hobgoblin (D:1)
  6 jackals
  6 kobolds
  A quokka (D:1)
  4 ball pythons (D:1)
  2 frilled lizards
  4 rats
41 creatures vanquished.

Notes
Turn   | Place    | Note
-------+----------+-------------------------------------------
     0 | D:1      | Nattfarinn the Djinni Venom Mage began the quest for the
                  | Orb.
     0 | D:1      | Reached XP level 1. HP: 15/15 MP: 0/0
   386 | D:1      | Reached XP level 2. HP: 18/21 MP: 0/0
   644 | D:1      | Reached skill level 3 in Spellcasting
   832 | D:1      | Reached XP level 3. HP: 18/25 MP: 0/0
   832 | D:1      | Learned a level 1 spell: Animate Skeleton
  1889 | D:2      | Reached XP level 4. HP: 26/31 MP: 0/0
  2444 | D:3      | Noticed a necrophage
  2474 | D:3      | Slain by a necrophage

Illustrated notes

Levels and vault maps discovered:
D:1:      dpeg_arrival_orchard, layout_basic, nrook_uturn,
          chequers_decorated_corner, st_stairs_9, grunt_decor_arrowhead
D:2:      minmay_general_purpose_star, layout_loops_ring
D:3:      kb_forest_paths, layout_basic, lemuel_round_altar,
          shapermc_ecumenical_altar_acropolis, guppyfry_early_orc_mine

Skill      XL: |  1  2 |
---------------+-------+-----
Spellcasting   | 3 |  3.8
Dodging        | |  2.1
Stealth        | |  1.5

Action                   |  1- 3 |  4- 6 || total
-------------------------+-------+-------++-------
Melee: Unarmed           |     3 |       ||     3
 Cast: Sting             |    72 |    16 ||    88
  Use: Scroll            |       |     4 ||     4
Armor: Robe              |     5 |     1 ||     6
Dodge: Dodged            |    25 |     1 ||    26

Table legend: (Time is in decaauts)
 A = Elapsed time spent in this place.
 B = Non-inter-level travel time spent in this place.
 C = Inter-level travel time spent in this place.
 D = Time resting spent in this place.
 E = Time spent auto-exploring this place.
 F = Levels seen in this place.
 G = Mean time per level.
                   A        B        C        D        E       F      G
               +--------+--------+--------+--------+--------+-----+--------+
         Total |   2473 |   2421 |     52 |      0 |   2206 |   3 |  824.3 |
       Dungeon |   2473 |   2421 |     52 |      0 |   2206 |   3 |  824.3 |
               +--------+--------+--------+--------+--------+-----+--------+

Top non-repeatable levels by time:
     D:1: 1201 daAuts
     D:2: 1139 daAuts
     D:3: 132 daAuts
